[Event "97th Argentine Championship 2022"]
[Site "Barichole"]
[Date "2022.12.04"]
[Round "4.3"]
[White "Flores, Diego"]
[Black "Peralta, Fernando"]
[Result "1-0"]
[ECO "E12"]
[WhiteElo "2547"]
[BlackElo "2587"]
[Annotator "TA"]
[PlyCount "51"]
[EventDate "2022.12.01"]
[EventType "tourn"]
[EventCountry "ARG"]
[SourceTitle "playchess.com"]
[Source "ChessBase"]
[SourceQuality "1"]
[TimeControl "40/5400+30:1800+30"]

1. Nf3 Nf6 2. c4 b6 3. Nc3 Bb7 4. d4 e6 5. Bg5 h6 6. Bxf6 Qxf6 7. a3 {[%emt 0:03:00] E12: Queen's Indian: Unusual White 4th moves, 4 a3, 4 Nc3 Bb7 5 a3 and 4 Nc3 Bb7 .} g5 8. e3 Bg7 9. Bd3 {[%emt 0:07:29] [#] The position is equal.} Nc6 $146 ({Predecessor:} 9... Qe7 10. Be4 c6 11. g4 h5 12. gxh5 f5 13. Bc2 g4 14. Ne5 Bxe5 15. dxe5 c5 16. e4 Rxh5 17. Nb5 Kd8 18. Nd6 Kc7 19. Nb5+ Kd8 20. Nd6 Kc7 21. Nb5+ {½-½ (21) Weissenbeck,M (2271)-Knoll,H (2356) Austria 2012}) 10. Qe2 Qe7 11. O-O-O O-O-O 12. Kb1 Kb8 13. Rc1 d5 (13... d6 $15) 14. cxd5 $11 exd5 15. Ba6 Qe6 16. Nd2 Ne7 17. Rc2 Ba8 18. Rhc1 f5 19. Na2 c6 20. Nb4 Qd6 (20... f4 $16) 21. Nb3 (21. Bb5 $18) 21... Rd7 {[%emt 0:01:16] [#]} (21... Rhf8 $16) 22. Bb5 $1 $18 Rc8 (22... Qxh2 $2 23. Bxc6 (23. Nxc6+ Bxc6 24. Bxc6 Rc7 $16) 23... Nxc6 24. Nxc6+ Bxc6 25. Rxc6 $18) (22... Rc7 23. Na6+) 23. Na6+ Kb7 24. Qd3 {[%emt 0:02:55][%cal Ob3c5] And now Nbc5+! would win.} Rdd8 $2 {[%emt 0:03:06] [#]} (24... Rcc7 25. g3 Kc8 26. Nxc7 Rxc7 27. Ba6+ Kb8) 25. Na5+ $1 bxa5 {[%emt 0:00:06] [#]} 26. Qb3 $1 {[%emt 0:00:02] Weighted Error Value: White=0.13 (very precise) /Black=0.33} 1-0

[Event "97th Argentine Championship 2022"]
[Site "Barichole"]
[Date "2022.12.03"]
[Round "4.4"]
[White "Paveto, Kevin"]
[Black "Pichot, Alan"]
[Result "*"]
[ECO "C55"]
[WhiteElo "2431"]
[BlackElo "2637"]
[Annotator "TA"]
[PlyCount "57"]
[EventDate "2022.12.01"]
[EventType "tourn"]
[EventCountry "ARG"]
[SourceTitle "playchess.com"]
[Source "ChessBase"]
[SourceQuality "1"]
[TimeControl "40/5400+30:1800+30"]

1. e4 e5 2. Nf3 Nc6 3. Bc4 Nf6 4. d3 h6 5. Nc3 d6 6. a4 {[%emt 0:02:56] C55: Two Knights: 4 d3, 4 d4 exd4 5 e5 and Max Lange Attack.} g6 7. h3 Bg7 {[%emt 0:00:21] [#]} 8. g4 $146 (8. Be3 $14) ({Predecessor:} 8. Be3 Na5 9. Ba2 c5 10. Nd5 Nc6 11. c3 Be6 12. Nxf6+ Qxf6 13. a5 Bxa2 14. Rxa2 {0-1 (64) Demchenko,A (2654)-Fedoseev,V (2701) Chess.com INT 2022}) 8... Be6 $15 9. g5 hxg5 10. Bxe6 fxe6 11. Bxg5 Qd7 12. Qd2 O-O-O 13. O-O-O Rdf8 14. Nh4 Qf7 15. Ng2 Nh5 16. Rdf1 Nd4 {[%emt 0:09:55][%cal Bc6d4,Bd4f3,Bf3g5][%mdl 32] Strongly threatening ...Nf3.} 17. Kb1 Nf3 18. Qe3 d5 19. Qxa7 Nxg5 $17 20. Nb5 {[%emt 0:00:21] [#]} Qe7 $2 (20... dxe4 21. dxe4 Nf3 22. Rd1 $18 (22. Qa8+ Kd7 $16)) (20... Nf3 $1 $17 {[%cal Rf3d2] Threatens to win with ...Nd2+.} 21. Qa8+ Kd7 22. Qxb7 Rc8) 21. Ne3 $2 {[%emt 0:01:55] [#]} (21. Qa8+ $2 Kd7 22. Qxb7 Qc5 23. exd5 exd5 $19) (21. c4 $1 $14 {was forced to keep a grip.} dxe4 22. c5 (22. Qa8+ $2 Kd7 $19)) 21... Nf4 $1 {[%emt 0:00:41] aiming for ...Kd7.} (21... dxe4 22. dxe4 (22. Qa8+ $2 Kd7 $19) 22... Kd7 23. Qxb7 $11) 22. exd5 (22. Qa8+ $2 Kd7 23. Qxb7 Qc5 $19) (22. Rc1 $17 Qd8 23. Ng4) 22... exd5 $19 (22... Nxd5 23. Rfg1 Bf6 24. Rg4 $15) 23. c4 ({Don't go for} 23. Qa8+ $2 Kd7 24. Qxb7 Qc5 $19) 23... Rf6 {[%emt 0:06:44] ...Ra6 is the strong threat.} ({Don't take} 23... Rxh3 24. Rxh3 dxc4 25. Rg3 $18) 24. Nxd5 (24. Qa8+ $17 {was the only defense.} Kd7 25. Qxb7) 24... Nxd5 25. cxd5 {[%emt 0:00:12] Black must now prevent Qa8+.} Ra6 (25... Nxh3 $2 26. Qa8+ Kd7 27. Qxb7 $18) 26. Qe3 Nf7 {[%emt 0:03:52] Inhibits h4.} ({Less strong is} 26... Rxa4 27. Rc1 Ne6 28. dxe6 $16) 27. Rc1 Bh6 (27... Rxa4 $2 28. Rxc7+ Qxc7 29. Nxc7 Kxc7 30. Rc1+ Kb8 31. Qb6 $18) 28. Qg3 (28. Qc5 Qxc5 29. Rxc5) 28... Bxc1 29. Rxc1 {[%emt 0:00:02] Weighted Error Value: White=0.41/Black=0.25 (precise)} *

[Event "97th Argentine Championship 2022"]
[Site "Barichole"]
[Date "2022.12.04"]
[Round "4.4"]
[White "Sorin, Ariel"]
[Black "Fiorito, Joaquin"]
[Result "0-1"]
[ECO "D45"]
[WhiteElo "2363"]
[BlackElo "2344"]
[Annotator "TA"]
[PlyCount "78"]
[EventDate "2022.12.01"]
[EventType "tourn"]
[EventCountry "ARG"]
[SourceTitle "playchess.com"]
[Source "ChessBase"]
[SourceQuality "1"]
[TimeControl "40/5400+30:1800+30"]

1. d4 {[%emt 0:00:02] ChessBase II} Nf6 2. c4 e6 3. Nf3 d5 4. Nc3 c6 5. e3 Nbd7 6. Qc2 Bd6 7. Bd2 O-O 8. O-O-O e5 9. cxd5 cxd5 10. Nb5 Bb8 11. dxe5 Nxe5 12. Bc3 {[%emt 0:00:25] D45: Semi-Slav: 5 e3.} Qe7 13. Bd4 b6 {[%emt 0:17:12] Prevents Bc5.} 14. Nc3 {[%emt 0:02:31] [#] The position is equal.} g6 $146 ({Predecessor:} 14... Bb7 15. Qf5 Neg4 16. Rd2 Qe6 17. Qxe6 fxe6 18. h3 Nxf2 19. Rxf2 Ne4 20. Nxe4 dxe4 21. Bd3 exd3 {0-1 (21) Svensson,O-Varjomaa,T Sweden 1979 Corr Nr. 1 [ChessBase II]}) 15. Be2 Bf5 16. Qb3 Bd6 17. Nxe5 (17. Kd2 $1 $11 {keeps the balance.}) 17... Bxe5 $17 18. Bf3 (18. h3 $15) 18... Rac8 19. Rd2 {[%emt 0:12:12] Against b5} b5 20. a3 {[%emt 0:06:31] Prevents b4.} (20. Kd1 $17) 20... a5 {[%emt 0:00:53] ...b4 is the strong threat.} 21. Bxe5 (21. Kd1 $17 {keeps fighting.}) 21... Qxe5 $19 22. Rd4 Rc5 23. g4 Be6 24. Kb1 {[%emt 0:01:22] [#]} Ne4 (24... Nxg4 $1 $19 25. Bxg4 Bxg4 26. Rxg4 Qf5+ 27. Ne4 dxe4) 25. Bxe4 $17 dxe4 26. Qd1 b4 {[%emt 0:02:23] Black is more active.} (26... f5 $17 27. Rd8 Rc8) 27. axb4 $2 {[%emt 0:01:09] This costs White the game.} (27. Nxe4 $11 {and White has nothing to worry.} Rd5 28. f4 (28. axb4 Rfd8 $17) 28... Rxd4 29. Qxd4 Qxd4 30. exd4) 27... axb4 $19 28. Rxb4 {[%emt 0:00:18] [#]} Bc4 $1 29. Qd4 (29. Rxc4 {is the only way for White.} Rxc4 30. Qd5 Qxd5 31. Nxd5) 29... Bd3+ 30. Kc1 Qc7 31. Rb3 $2 (31. Rd1) 31... Rc4 32. Qb6 Qe5 {[%emt 0:00:20] Threatens to win with ...Rfc8.} 33. Kd2 $2 (33. h4 h5 34. Kd2) 33... Rcc8 {[%emt 0:00:06] Black is clearly winning.} 34. f4 Qe7 {[%emt 0:02:27] ( -> ...Qh4)} 35. g5 Rfd8 {[%emt 0:00:04] aiming for ...Qd7.} 36. Rb4 Rd6 37. Qa5 Ra6 38. Rxe4 Bxe4 39. Qxa6 Rd8+ {[%emt 0:00:00] Weighted Error Value: White=0.78/Black=0.37} 0-1

[Event "97th Argentine Championship 2022"]
[Site "Barichole"]
[Date "2022.12.04"]
[Round "4.5"]
[White "Paveto, Kevin"]
[Black "Pichot, Alan"]
[Result "0-1"]
[ECO "C55"]
[WhiteElo "2431"]
[BlackElo "2637"]
[Annotator "TA"]
[PlyCount "60"]
[EventDate "2022.12.01"]
[EventType "tourn"]
[EventCountry "ARG"]
[SourceTitle "playchess.com"]
[Source "ChessBase"]
[SourceQuality "1"]
[TimeControl "40/5400+30:1800+30"]

1. e4 e5 2. Nf3 Nc6 3. Bc4 Nf6 4. d3 h6 5. Nc3 d6 6. a4 {[%emt 0:02:56] C55: Two Knights: 4 d3, 4 d4 exd4 5 e5 and Max Lange Attack.} g6 7. h3 Bg7 {[%emt 0:00:21] [#]} 8. g4 $146 (8. Be3 $11) ({Predecessor:} 8. Be3 Na5 9. Ba2 c5 10. Nd5 Nc6 11. c3 Be6 12. Nxf6+ Qxf6 13. a5 Bxa2 14. Rxa2 {0-1 (64) Demchenko,A (2654)-Fedoseev,V (2701) Chess.com INT 2022}) 8... Be6 $15 9. g5 hxg5 10. Bxe6 fxe6 11. Bxg5 Qd7 12. Qd2 O-O-O 13. O-O-O Rdf8 {[%emt 0:01:56] Threatens to win with ...Nh7.} 14. Nh4 Qf7 15. Ng2 Nh5 16. Rdf1 Nd4 {[%emt 0:09:55][%cal Bc6d4,Bd4f3,Bf3g5][%mdl 32] White must now prevent ...Nf3.} 17. Kb1 Nf3 {[%emt 0:15:25] Black is more active.} 18. Qe3 d5 19. Qxa7 Nxg5 $19 20. Nb5 {[%emt 0:00:21] [#]} Qe7 (20... dxe4 21. dxe4 Nf3 22. Rd1 $18 (22. Qa8+ Kd7 $16)) ({Black should try} 20... Nf3 $1 $17 {[%cal Rf3d2] And now ...Nd2+ would win.} 21. Qa8+ Kd7 22. Qxb7 Rc8 23. exd5 (23. Na7 $2 Rb8 $19) 23... exd5) 21. Ne3 {[%emt 0:01:55] [#]} (21. Qa8+ $2 Kd7 22. Qxb7 Qc5 23. exd5 exd5 $19) (21. c4 $1 $11 {was the only way to keep the balance.} dxe4 22. c5 (22. Qa8+ $2 Kd7 $19)) 21... Nf4 $1 $17 (21... dxe4 $6 22. Rd1 (22. Qa8+ $2 Kd7 $19) 22... Kd7 23. Qxb7 $11) 22. exd5 (22. Qa8+ $2 Kd7 23. Qa7 Rb8 $19) (22. Rc1 $17 Qd8 23. Ng4) 22... exd5 $19 (22... Nxd5 23. Rfg1 Bf6 24. Rg4 $15) 23. c4 (23. Qa8+ $2 Kd7 24. Qxb7 Qc5 $19) 23... Rf6 {[%emt 0:06:44] Strongly threatening ...Ra6.} (23... Nxd3 24. Qa8+ Kd7 25. Qxb7) (23... Rxh3 24. Rxh3 Ngxh3 25. cxd5 $18) 24. Nxd5 (24. Qa8+ $17 Kd7 25. Qxb7) 24... Nxd5 25. cxd5 Ra6 (25... Nxh3 $2 26. Qa8+ Kd7 27. Qxb7 $18) 26. Qe3 Nf7 {[%emt 0:03:52] Inhibits h4. aiming for ...Bh6.} ({Less strong is} 26... Rxa4 27. Rc1 Ne6 28. dxe6 Qxe6 29. Rxc7+ Kb8 30. Rxg7 $16) 27. Rc1 Bh6 (27... Rxa4 $2 28. Rxc7+ Qxc7 29. Nxc7 Kxc7 30. Rc1+ Kb8 31. Qb6 $18) 28. Qg3 (28. Qc5 Qxc5 29. Rxc5) 28... Bxc1 29. Rxc1 c6 (29... Rxa4 $2 {perishes.} 30. Qxg6 Ra6 31. d6 $19) 30. Qxg6 Rh6 {[%emt 0:01:37] Weighted Error Value: White=0.38/Black=0.14 (very precise)} ({And not} 30... Rxa4 31. dxc6 Rf4 32. c7 $11) 0-1

[Event "97th Argentine Championship 2022"]
[Site "Barichole"]
[Date "2022.12.03"]
[Round "4.5"]
[White "Sorin, Ariel"]
[Black "Fiorito, Joaquin"]
[Result "0-1"]
[ECO "D45"]
[WhiteElo "2363"]
[BlackElo "2344"]
[Annotator "TA"]
[PlyCount "77"]
[EventDate "2022.12.01"]
[EventType "tourn"]
[EventCountry "ARG"]
[SourceTitle "playchess.com"]
[Source "ChessBase"]
[SourceQuality "1"]
[TimeControl "40/5400+30:1800+30"]

1. d4 {[%emt 0:00:02] ChessBase II} Nf6 2. c4 e6 3. Nf3 d5 4. Nc3 c6 5. e3 Nbd7 6. Qc2 Bd6 7. Bd2 O-O 8. O-O-O e5 9. cxd5 cxd5 10. Nb5 Bb8 11. dxe5 Nxe5 12. Bc3 {[%emt 0:00:25] D45: Semi-Slav: 5 e3.} Qe7 13. Bd4 b6 {[%emt 0:17:12] Prevents Bc5.} 14. Nc3 {[%emt 0:02:31] [#] The position is equal.} g6 $146 ({Predecessor:} 14... Bb7 15. Qf5 Neg4 16. Rd2 Qe6 17. Qxe6 fxe6 18. h3 Nxf2 19. Rxf2 Ne4 20. Nxe4 dxe4 21. Bd3 exd3 {0-1 (21) Svensson,O-Varjomaa,T Sweden 1979 Corr Nr. 1 [ChessBase II]}) 15. Be2 Bf5 16. Qb3 Bd6 (16... a5 {seems wilder.} 17. Kd2 Bd6 18. Ke1 Rfc8) 17. Nxe5 Bxe5 18. Bf3 Rac8 19. Rd2 b5 (19... Rc4 {looks sharper.} 20. Bxd5 Rxd4 21. exd4 Bf4) 20. a3 {[%emt 0:06:31] Inhibits b4.} (20. Kd1 $17) 20... a5 {[%emt 0:00:53] [#] ...b4 is the strong threat.} 21. Bxe5 Qxe5 22. Rd4 Rc5 23. g4 (23. g3 $142) 23... Be6 24. Kb1 {[%emt 0:01:22] [#]} Ne4 (24... Nxg4 $1 $19 {[%mdl 512] is more deadly.} 25. Bxg4 Bxg4 26. Rxg4 Qf5+ 27. Ne4 dxe4) 25. Bxe4 $17 dxe4 26. Qd1 b4 ({Black should try} 26... f5 $17 27. Rd8 Rc8) 27. axb4 $2 {[%emt 0:01:09] Now White is beyond hope.} (27. Nxe4 $11 Rd5 28. f4 (28. axb4 Rfd8 $17) 28... Rxd4 29. Qxd4 Qxd4 30. exd4) 27... axb4 $19 28. Rxb4 Bc4 29. Qd4 (29. Rxc4 {was forced.} Rxc4 30. Qd5 Qxd5 31. Nxd5) 29... Bd3+ 30. Kc1 Qc7 31. Rb3 $2 (31. Rd1 Rc6 32. Rxd3 exd3 33. Qxd3) 31... Rc4 32. Qb6 Qe5 {[%emt 0:00:20] aiming for ...Rfc8.} 33. Kd2 $2 (33. h4 h5 34. Kd2) 33... Rcc8 {[%emt 0:00:06] Black is clearly winning.} 34. f4 Qe7 {[%emt 0:02:27] ( -> ...Qh4)} 35. g5 Rfd8 {[%emt 0:35:24][%cal Bf8d8,Bd8d6,Bd6a6][%mdl 32] Threatens to win with ...Qd7.} 36. Rb4 Rd6 37. Qa5 Ra6 38. Rxe4 Bxe4 39. Qb4 {[%emt 0:07:14] Weighted Error Value: White=0.88/Black=0.43} 0-1

[Event "97th Argentine Championship 2022"]
[Site "Barichole"]
[Date "2022.12.04"]
[Round "4.6"]
[White "Valerga, Diego"]
[Black "Gaitan, Juan Manuel"]
[Result "1-0"]
[ECO "E54"]
[WhiteElo "2438"]
[BlackElo "2347"]
[Annotator "TA"]
[PlyCount "83"]
[EventDate "2022.12.01"]
[EventType "tourn"]
[EventCountry "ARG"]
[SourceTitle "playchess.com"]
[Source "ChessBase"]
[SourceQuality "1"]
[TimeControl "40/5400+30:1800+30"]

1. d4 {[%emt 0:00:04] Kortschnoj,Viktor Lvovich} Nf6 2. Nf3 d5 3. c4 e6 4. Nc3 Bb4 5. e3 O-O 6. Bd3 dxc4 7. Bxc4 c5 8. O-O Bd7 9. Qe2 Bc6 {[%emt 0:02:01] E54: Nimzo-Indian: Rubinstein: Main Line: 7...dxc4 8 Bxc4.} 10. Rd1 (10. Ne5 {seems wilder.} cxd4 11. Rd1 Bxc3 12. bxc3 d3 13. Nxd3 Qc7 14. Bb3) 10... Nbd7 11. d5 exd5 {[%emt 0:02:34] The position is equal.} 12. Nxd5 Nxd5 13. Bxd5 Qc7 14. a3 {[%emt 0:10:28] And now Bxc6 would win.} Ba5 {[%emt 0:01:11] [#]} (14... Bxd5 $11 {remains equal.} 15. Rxd5 Nf6) 15. Bxc6 (15. b4 $1 $16 {Bxc6 is the strong threat.} cxb4 16. Bb2) 15... Qxc6 $11 16. b4 Bc7 17. Bb2 Rad8 (17... Rfd8 $11 {feels stronger.}) 18. Rac1 $14 b6 {[%emt 0:00:12] [#]} 19. Qc2 $146 {[%emt 0:05:26] White is more active.} ({Predecessor:} 19. Qc4 Rfe8 20. Rd5 Qe6 21. Ng5 Qg6 22. h4 h6 23. Nf3 Qe6 24. Rcd1 Nf6 25. Bxf6 Qxf6 26. Rxd8 Rxd8 27. Rxd8+ Qxd8 28. bxc5 {0-1 (39) Beliavsky,A (2667)-Kortschnoj,V (2579) Paks 2004 CBM 102 [Kortschnoj,Viktor Lvovich]}) 19... Rfe8 20. Qc3 ({White should play} 20. h3 $14) 20... Qh6 (20... Nf6 $11) 21. g3 {[%emt 0:01:07][%cal Bg2g3,Bg3g4,Bg4h5][%mdl 32] Black is now going downhill.} Nf6 {[%emt 0:00:34] Inhibits Rd5.} 22. Qc4 (22. bxc5 Ne4 23. Qc2 Nxc5 $11) 22... Qh5 23. Kg2 Nd5 (23... Ne4 $16 {was worth a try.}) 24. g4 $18 ({Resist} 24. bxc5 $6 Qf5) 24... b5 25. gxh5 {[%emt 0:00:08] Chess con chili.} (25. Qxc5 $2 {perishes.} Qxg4+ 26. Kf1 Nxe3+ 27. Qxe3 Rxd1+ 28. Rxd1 Rxe3 $19) 25... bxc4 26. bxc5 Ba5 27. Bd4 ({Not} 27. Rxc4 {[#]} Nxe3+ $1 28. fxe3 Rxd1 $17) 27... c3 28. Ne5 {[%emt 0:00:32][%cal Bf3e5,Be5c4,Bc4a5][%mdl 32] aiming for Nc6.} Re6 {[%emt 0:01:51] Prevents Nc6.} 29. Nc4 Bc7 30. Bxc3 f5 $2 (30... Nxc3 31. Rxd8+ Bxd8) 31. Ba5 {[%emt 0:01:02] Black must now prevent Bxc7.} Rc6 32. Bxc7 Rxc7 33. Na5 Kf7 34. c6 {[%emt 0:00:19] Prevents Rcd7.} Ke6 (34... Ke7 $142 35. Nb3 a6) 35. Nb7 {[%emt 0:01:39] White is clearly winning.} Rdc8 36. Nc5+ Ke5 37. f4+ Kd6 38. Nb7+ Ke6 39. Kf3 Nf6 40. Rc5 Ne4 41. Re5+ Kf6 42. Nd6 {[%emt 0:02:07] Weighted Error Value: White=0.06 (flawless) /Black=0.37} 1-0

[Event "97th Argentine Championship 2022"]
[Site "Barichole"]
[Date "2022.12.04"]
[Round "5.1"]
[White "Fiorito, Joaquin"]
[Black "Perez Ponsa, Federico"]
[Result "1/2-1/2"]
[ECO "D38"]
[WhiteElo "2344"]
[BlackElo "2538"]
[Annotator "TA"]
[PlyCount "84"]
[EventDate "2022.12.01"]
[EventType "tourn"]
[EventCountry "ARG"]
[SourceTitle "playchess.com"]
[Source "ChessBase"]
[SourceQuality "1"]
[TimeControl "40/5400+30:1800+30"]

1. d4 d5 2. Nf3 Nf6 3. c4 e6 4. Nc3 Bb4 5. Bg5 h6 6. Bxf6 Qxf6 7. Qb3 c5 8. cxd5 exd5 9. a3 Bxc3+ 10. Qxc3 b6 {[%emt 0:03:22] 10...c4 gains popularity. D38: Queen's Gambit Declined: Ragozin Defence (4 Nf3 Bb4).} 11. e3 O-O 12. dxc5 Qxc3+ {[%emt 0:02:25] White has an edge.} 13. bxc3 bxc5 14. O-O-O Be6 15. c4 dxc4 16. Ne5 {[%emt 0:00:00][%cal Od1d6] Inhibits Nc6.} Re8 17. Rd6 {[%emt 0:00:00][%mdl 1024] [#] White has compensation.} c3 $146 (17... Bf5 $11 {and Black stays safe.}) ({Predecessor:} 17... Bf5 18. Nxc4 Nd7 19. Bd3 Bxd3 20. Rxd3 Nb6 21. Nd6 Re5 22. Kc2 Rd5 23. Rxd5 Nxd5 {1-0 (58) Tomashevsky,E (2724)-Inarkiev,E (2732) Novosibirsk 2016}) 18. Bb5 $18 Rc8 19. Rhd1 {[%emt 0:00:00] Black must now prevent Rd8+.} Kf8 {[%emt 0:00:05] [#]} 20. Ng6+ $1 {[%emt 0:00:00][%mdl 576] Deflection} fxg6 21. Rxe6 a6 22. Bc4 Ra7 23. Kc2 Nd7 (23... Rf7 $142) 24. Kxc3 Nf6 25. f3 (25. Rxa6 Rxa6 26. Bxa6 Ra8 $16) 25... a5 26. Rb6 g5 27. e4 Re7 (27... a4 $142 28. Bb5 Nh5) 28. Ra6 g4 29. Rxa5 gxf3 30. gxf3 g5 31. Rd6 Kg7 32. Be6 (32. a4 $142) 32... Rf8 33. Bf5 (33. Rxc5 $18 {Strongly threatening a4.} Ne8 34. Rd7 Rxf3+ 35. Kd4) 33... g4 $16 34. fxg4 {[%emt 0:00:00] White is more active.} (34. Rxc5 $6 gxf3 35. Kd3 f2 $11) 34... Nxe4+ 35. Bxe4 Rxe4 36. Rxc5 (36. Ra7+ $16 Rf7 37. Rxf7+ Kxf7 38. h3 (38. Rxh6 Rxg4 39. Kb3 Ke7 $16)) 36... Rxg4 {[%emt 0:04:48][%mdl 4096] Endgame KRR-KRR} (36... Re3+ $1 $11 37. Kd2 Rxa3) 37. Rc7+ Kg8 38. Rc4 ({Reject} 38. Rxh6 $6 Rf3+ 39. Kc2 Rg2+ 40. Kb1 Rb3+ 41. Ka1 Rxa3+ 42. Kb1 Rb3+ 43. Kc1 Ra3 $11) (38. Rd3 $16) 38... Rg1 (38... Rg2 $11 {keeps the balance.}) 39. Rdc6 ({Much weaker is} 39. Rxh6 $6 Rc1+ 40. Kb3 Rf3+ 41. Kb4 Rxc4+ 42. Kxc4 Rxa3 $11) 39... Rg2 {[%emt 0:09:02] [#]} (39... Rf2 $16) 40. Rxh6 $2 ({White must play} 40. Rc8 $1 $18) 40... Rf3+ $11 {[%emt 0:00:00] The position is equal.} 41. Kb4 {[%emt 0:00:00] a4 is the strong threat.} Rb2+ 42. Ka4 Ra2 $1 {[%emt 0:00:21] Weighted Error Value: White=0.30/Black=0.30} 1/2-1/2

[Event "97th Argentine Championship 2022"]
[Site "Barichole"]
[Date "2022.12.05"]
[Round "5.2"]
[White "Krysa, Leandro"]
[Black "Valerga, Diego"]
[Result "1-0"]
[ECO "E11"]
[WhiteElo "2524"]
[BlackElo "2438"]
[Annotator "TA"]
[PlyCount "113"]
[EventDate "2022.12.01"]
[EventType "tourn"]
[EventCountry "ARG"]
[SourceTitle "playchess.com"]
[Source "ChessBase"]
[SourceQuality "1"]
[TimeControl "40/5400+30:1800+30"]

1. d4 e6 2. c4 Bb4+ 3. Bd2 Bxd2+ 4. Qxd2 Nf6 5. Nc3 d5 6. Nf3 O-O 7. e3 Qe7 8. Rc1 Rd8 9. cxd5 {[%emt 0:01:50] E11: Bogo-Indian.} exd5 10. Bd3 Nbd7 11. O-O {[%emt 0:10:33] The position is equal.} c6 12. Qc2 Nf8 13. Ne5 Ng4 14. Nxg4 Bxg4 15. Rfe1 {[%emt 0:00:26] [#]} Bh5 $146 ({Predecessor:} 15... Qg5 16. f4 Qh6 17. f5 Re8 18. Qf2 g6 19. Qg3 Bh5 20. e4 Qg7 21. Qf2 dxe4 22. Nxe4 gxf5 {0-1 (50) Dokutchaev,A (2420)-Ivanov,S (2312) Petrozavodsk 2014}) 16. f4 f6 17. Qf2 Bg6 18. f5 Bf7 19. Qf4 Rac8 20. a3 c5 21. Bb1 a6 22. dxc5 Rxc5 23. Ba2 Qe5 24. Qd4 (24. Qb4 {seems wilder.} Rc7 25. Rcd1 Rdd7 26. Qg4) 24... Qxd4 (24... Rc6 $14) 25. exd4 $16 Rc7 26. Ne2 Rxc1 (26... Re7 $142) 27. Rxc1 Be8 28. Rc7 Bc6 29. Nf4 Rd6 30. g4 g5 31. Nh5 {[%emt 0:01:14] White has more active pieces. The black rooks are badly placed.} (31. Ne2 $142) 31... Nd7 32. Kf2 Kf7 33. Rc8 Nf8 34. Ke3 Ke7 35. Kd2 Be8 36. Rc7+ Rd7 (36... Kd8 {is a better defense.} 37. Rxb7 Nd7) 37. Rxd7+ $18 Nxd7 38. Bxd5 {[%emt 0:00:19][%mdl 4096] Endgame KBN-KBN} b5 39. Ng3 (39. Ng7 $18) 39... Nb6 $16 40. Bb3 Bc6 41. Ke3 {[%emt 0:06:12] Inhibits Bf3.} a5 42. Ne2 Nd5+ $2 {[%emt 0:04:43][%mdl 8192] [#] A mistake that costs the game.} (42... Kd7 $16 43. Nc3 Kd6) 43. Bxd5 $18 Bxd5 {[%emt 0:00:15] KB-KN} 44. Nc3 Bc4 45. Ke4 Kd6 $2 (45... a4 46. d5 Bf1) 46. b4 axb4 47. axb4 Bf1 48. d5 Ke7 49. Ke3 Bh3 50. Kf3 ({Less strong is} 50. Nxb5 Bxg4 51. Kd4 Bxf5 $18) 50... h5 51. gxh5 ({And not} 51. Nxb5 Bxg4+ 52. Ke3 (52. Ke4 h4 $11) 52... Bxf5 $11) 51... Bxf5 52. Nxb5 Bd7 53. Nc3 f5 54. b5 {[%emt 0:00:34][%cal Bb4b5,Bb5b6][%mdl 32] White mates.} Kf6 55. b6 Bc8 56. d6 Ke5 57. h6 {[%emt 0:02:07] Weighted Error Value: White=0.13 (very precise) /Black=0.47} 1-0

[Event "97th Argentine Championship 2022"]
[Site "Barichole"]
[Date "2022.12.04"]
[Round "5.3"]
[White "Pichot, Alan"]
[Black "Flores, Diego"]
[Result "1-0"]
[ECO "C88"]
[WhiteElo "2637"]
[BlackElo "2547"]
[Annotator "TA"]
[PlyCount "95"]
[EventDate "2022.12.01"]
[EventType "tourn"]
[EventCountry "ARG"]
[SourceTitle "playchess.com"]
[Source "ChessBase"]
[SourceQuality "1"]
[TimeControl "40/5400+30:1800+30"]

1. e4 e5 2. Nf3 Nc6 3. Bb5 a6 4. Ba4 Nf6 5. O-O Be7 6. Re1 b5 7. Bb3 O-O 8. h3 Na5 9. Nxe5 Nxb3 10. axb3 Bb7 11. d3 d5 $1 {[%emt 0:00:13] C88: Closed Ruy Lopez: Anti-Marshall Systems.} 12. exd5 Qxd5 {[%emt 0:00:52][%csl Gb7][%cal Rd5g2] 12...Nxd5 is not played anymore.} 13. Qf3 Bd6 {[%emt 0:03:39] [#] White is slightly better.} 14. Kf1 $1 Rfb8 15. Qxd5 Nxd5 16. Bd2 c5 17. Nc3 {[%emt 0:07:45] aiming for Nd7.} Nb4 18. Rac1 Rd8 {[%emt 0:04:07] [#]} 19. Ne4 $146 ({Predecessor:} 19. Ng4 f5 20. Ne5 Rac8 21. Re2 Bf8 22. Bf4 Rd6 23. f3 Rd4 24. Be3 Rdd8 25. Rce1 {½-½ (68) Grobler,D (2279)-Reed,A (2179) ICCF email 2019}) 19... Bxe5 {[%emt 0:18:27] This pair of bishops is nice.} 20. Nxc5 Bxb2 21. Nxb7 Rdb8 {[%emt 0:06:54] White must now prevent ...Nxd3.} 22. Rb1 Ba3 23. Na5 Nxc2 {[%emt 0:00:43] [#]} 24. b4 $1 Rd8 {[%emt 0:13:30] [#]} (24... Nxe1 25. Kxe1) 25. Rb3 $1 {[%emt 0:01:22] Black should prevent Re7.} Rac8 (25... Bxb4 26. Bxb4) 26. Re4 h6 27. g4 Rd5 28. Re2 f5 (28... Kh7 $1 $14) 29. Bc3 $16 Bxb4 30. Bxb4 (30. Rxc2 $2 Bxa5 31. Ra3 Bb4 $19) 30... Nd4 $2 {[%emt 0:00:18] [#] Black cannot hold the game after this.} (30... Nxb4 $16 31. Rxb4 Rxd3) 31. Rc3 $1 $18 Rxc3 32. Re8+ ({Worse is} 32. Bxc3 Nxe2 33. Kxe2 Kf7 $11) 32... Kf7 33. Rf8+ Kg6 34. Bxc3 fxg4 35. Bxd4 ({Don't play} 35. hxg4 Kg5 36. Re8 Kh4) 35... Rxd4 {[%emt 0:00:38][%mdl 4096] Endgame KRN-KR} 36. Nc6 Rd6 37. Ne5+ Kh7 38. hxg4 {[%emt 0:00:10] f4 is the strong threat.} ({Less strong is} 38. Nxg4 Rxd3 39. Ra8 Ra3 $16) 38... Rd5 (38... b4 $142 39. Ke2 Rd5) 39. f4 g5 (39... a5 $142 40. Ke2 g5) 40. Rf7+ Kg8 41. Rd7 Rxd7 42. Nxd7 gxf4 {[%emt 0:00:09] KN-KP} 43. Ke2 {[%emt 0:00:28] White mates.} Kf7 44. Nc5 Kf6 45. Nxa6 Ke5 46. Kf3 Kd4 47. Kxf4 Kxd3 {[%emt 0:00:11] [#]} 48. Nc7 $1 {[%emt 0:00:07] Weighted Error Value: White=0.01 (flawless) /Black=0.41} 1-0